[Event "44th Chess Olympiad Open 2022"]
[Site "Chennai"]
[Date "2022.08.07"]
[Round "9.74"]
[White "Gurner, Jem"]
[Black "Charles, Cleophas"]
[Result "1-0"]
[WhiteElo "1800"]
[BlackElo "1593"]
[Annotator "NA RC"]
[PlyCount "115"]
[EventDate "2022.??.??"]
[TimeControl "60"]

1. e4 Nc6 2. Nf3 g6 3. d4 Bg7 4. Nc3 d6 5. h3 e6 6. Bg5 Nge7 7. Qd2 a6 8. a4 f6 9. Bh6 O-O 10. Bc4 d5 11. Bxg7 Kxg7 12. Ba2 b6 13.
O-O Bb7 14. exd5 Nxd5 15. Rfe1 Qd6 16. Bxd5 exd5 17. Re2 Bc8 18. Rae1 Bd7 19. b3 Rf7 20. Re3 Nb4 21. Nb1 Bf5 22. Rc1 Be4 23. Nc3 Re7 24. Nh4 Rae8 25. Nd1 a5 26. Nb2 Qf4 27. g3 Qd6 28. c3 Nc6 29. Rce1 Qd7 30. Kh2 Nd8 31. Qe2 Kf7 32. g4 g5 33. Nf3 Ne6 34. Nd2 Nf4 35. Qd1 Qd6 36. Nxe4 dxe4 37. Nc4 Qd5 38. Rg3 f5 39. Ne3 Qc6 40. Nxf5 Re6 41. c4 Qd7 42. d5 Rf6 43. Qd4 c5 44. Qe3 h5 45. f3 exf3 46. Qxe8+ Qxe8 47. Rxe8 Kxe8 48. Rxf3 hxg4 49. hxg4 Ng6 50. Re3+ Kd7 51.
Kg3 Kc7 52. Re1 Rf7 53. Re6 Nf4 54. Rc6+ Kd7 55. Rxb6 Ne2+ 56. Kf2 Nf4 57. Rb7+ Ke8 58. Nd6+ 1-0

[Event "44th Chess Olympiad Open 2022"]
[Site "Chennai"]
[Date "2022.08.07"]
[Round "9.74"]
[White "Mdoe, Yusuf"]
[Black "Forbes, Garry"]
[Result "1/2-1/2"]
[WhiteElo "1722"]
[BlackElo "1908"]
[Annotator "NA"]
[PlyCount "99"]
[EventDate "2022.??.??"]
[TimeControl "60"]

1. d4 g6 2. c4 Bg7 3. Nc3 d6 4. e4 Nf6 5. Nf3 O-O 6. Be2 Bg4 7. Be3 Nfd7 8.
Qd2 c5 9. h4 Nc6 10. d5 Bxf3 11. dxc6 Bxe2 12. cxb7 Rb8 13. Kxe2 Rxb7 14. b3 Qa5 15. Rac1 Rfb8 16. h5 Nf6 17. hxg6 fxg6 18. Rh3 Rf8 19. Bg5 Rf7 20. f3 Rb8 21. Rch1 Rbf8 22. Bxf6 Bxf6 23. Nd5 Qxd2+ 24. Kxd2 Bd4 25. a3 e6 26. Nc3 Bxc3+ 27. Kxc3 a5 28. Rd1 Rd7 29. Rhh1 e5 30. Rd5 Rfd8 31. b4 axb4+ 32. axb4 cxb4+ 33.
Kxb4 Rc8 34. Rb5 Rdc7 35. Rc1 Kf7 36. Kb3 h5 37. Rb6 Ke7 38.
g3 Rf8 39. Rc3 Rf6 40. Kb4 g5 41. Rd3 h4 42. gxh4 gxh4 43. Kc3 Ra7 44. Kb4 h3 45. f4 exf4 46. Rxh3 f3 47. e5 dxe5 48. Rxf6 Kxf6 49. Rxf3+ Kg5 50. Kb5 1/2-1/2

[Event "44th Chess Olympiad Open 2022"]
[Site "Chennai"]
[Date "2022.08.07"]
[Round "9.75"]
[White "Ebosse Kingue Victor Patrick"]
[Black "Hassan Sidi Mohamed Cheikh"]
[Result "1-0"]
[WhiteElo "2054"]
[BlackElo "1825"]
[Annotator "NA"]
[PlyCount "127"]
[EventDate "2022.??.??"]
[TimeControl "60"]

1. e4 e5 2. Nf3 Nc6 3. Bc4 Nf6 4. d3 Bc5 5. c3 a6 6. O-O d6 7. d4 Ba7 8. Re1 Bg4 9. Be3 Bxf3 10. Qxf3 exd4 11. cxd4 Bxd4 12. Bxd4 Nxd4 13. Qc3 Nc6 14. Bd5 Qd7 15. Nd2 O-O 16. Rac1 Nxd5 17. exd5 Ne7 18. Qxc7 Qxc7 19. Rxc7 Nxd5 20. Rxb7 Rab8 21.
Rxb8 Rxb8 22. Nc4 h6 23. Rd1 Rb4 24. b3 Nc3 25. Rd2 d5 26.
Ne3 d4 27. Nc4 Rb8 28. Kf1 Rd8 29. f3 f6 30. Na5 Rd6 31. b4 d3 32. Nb7 Rd4 33. Nc5 Nxa2 34. Rxd3 Rxd3 35. Nxd3 Kf7 36. Ke1 Ke6 37. Nc5+ Kd5 38. Nxa6 Kc4 39. b5 Kxb5 40. Nc7+ Kc6 41. Ne8 g6 42. Nxf6 h5 43. Kd2 Nb4 44. Ke3 Kd6 45. Kf4 Ke6 46. Kg5 Kf7 47. f4 Nd3 48. f5 gxf5 49. Nxh5 Ne1 50. Nf4 Nc2 51. Kxf5 Kg7 52. Kg5 Ne3 53. h4 Kh8 54. g4 Kg7 55. h5 Kh7 56. Kh4 Kg7 57. g5 Nf5+ 58.
Kg4 Ne3+ 59. Kf3 Nf5 60. Ke4 Ng3+ 61. Ke5 Nxh5 62. Nxh5+ Kg6 63. Kf4 Kxh5 64. Kf5 1-0

[Event "44th Chess Olympiad Open 2022"]
[Site "Chennai"]
[Date "2022.08.07"]
[Round "9.75"]
[White "Cheikhna, Mohamed Lemine"]
[Black "Amba Oyon Marius Claude"]
[Result "0-1"]
[WhiteElo "1899"]
[BlackElo "1938"]
[Annotator "NA"]
[PlyCount "86"]
[EventDate "2022.??.??"]
[TimeControl "60"]

1. Nf3 d5 2. d4 Nf6 3. Bf4 g6 4. e3 Bg7 5. Bd3 O-O 6. Nbd2 c5 7. c3 Nc6 8. O-O Re8 9. h3 Nd7 10. Bc2 e5 11. dxe5 Ndxe5 12. Nxe5 Nxe5 13. Bxe5 Bxe5 14. Nf3 Bf6 15. Qd2 Qb6 16. Bb3 Bf5 17. Qxd5 Be6 18.
Qd1 Rad8 19. Qc1 Bxb3 20. axb3 Qxb3 21. Rxa7 Rd7 22. Ra3 Qb5 23. Qc2 Red8 24. Rfa1 Kg7 25. Ra8 Rd1+ 26. Rxd1 Rxa8 27. b3 Ra3 28. Rb1 Qa6 29. c4 Qa5 30. Qd3 Qc7 31. Qd5 Ra8 32. Qe4 Rd8 33. Qf4 Qe7 34. e4 Bc3 35. Qe3 Bb4 36. Qf4 Rd3 37. Ne5 Bd2 38. Qh2 Rd4 39. Nf3 Qxe4 40. Nxd2 Qxb1+ 41. Nf1 Qe1 42. g3 Rd1 43. f4 Qxf1# 0-1

[Event "44th Chess Olympiad Open 2022"]
[Site "Chennai"]
[Date "2022.08.07"]
[Round "9.75"]
[White "Zebaze Dongmo Loic Dylane"]
[Black "Boidiya, Sidi"]
[Result "1/2-1/2"]
[WhiteElo "1837"]
[BlackElo "1997"]
[Annotator "NA RC"]
[PlyCount "108"]
[EventDate "2022.??.??"]
[TimeControl "60"]

1. d4 d5 2. Bf4 Nf6 3. e3 e6 4. Nd2 Bd6 5. Bg3 c5 6. c3 O-O 7. Ngf3 Qc7 8. Bd3 Nbd7 9. O-O e5 10. dxe5 Nxe5 11. Nxe5 Bxe5 12. Nf3 Bxg3 13. hxg3 Bg4 14. Be2 Rad8 15. Qa4 Rfe8 16. Rfe1 a6 17. Rad1 Qb6 18. Qb3 Qc6 19. c4 Be6 20. Ng5 dxc4 21. Bxc4 Bxc4 22. Qxc4 Rd5 23. Rxd5 Qxd5 24. Qxd5 Nxd5 25. Rd1 Nf6 26.
Kf1 h6 27. Nf3 Kf8 28. Ke2 Ke7 29. Ne5 Rc8 30. f3 b5 31. b3 Ke6 32. Nd3 Nd5 33. Nf4+ Nxf4+ 34. gxf4 c4 35. bxc4 Rxc4 36. Rd2 g5 37. fxg5 hxg5 38. g4 b4 39. Rb2 Kd5 40. Kd2 a5 41. Rb3 Rc5 42. Rd3+ Kc6 43.
f4 Rd5 44. Rxd5 Kxd5 45. Kd3 f6 46. e4+ Ke6 47. fxg5 fxg5 48. Kc4 Ke5 49. Kb5 Kxe4 50. Kxa5 Kf4 51. Kxb4 Kxg4 52. a4 Kh3 53. a5 g4 54. a6 g3 1/2-1/2

[Event "44th Chess Olympiad Open 2022"]
[Site "Chennai"]
[Date "2022.08.07"]
[Round "9.76"]
[White "Alrehaili, Ahmed Abdullah S"]
[Black "da Conceicao, Marcos"]
[Result "1-0"]
[WhiteElo "1986"]
[BlackElo "1713"]
[Annotator "NA"]
[PlyCount "121"]
[EventDate "2022.??.??"]
[TimeControl "60"]

1. e4 d6 2. d4 Nf6 3. Nc3 g6 4. Bf4 Bg7 5. Qd2 h5 6. O-O-O Nc6 7. Nf3 Nh7 8. h3 a6 9. Bh6 Bf8 10. Bc4 e6 11. Bb3 Na5 12. Bxf8 Nxb3+ 13. axb3 Nxf8 14. Qf4 Qe7 15. Rhe1 Bd7 16. Nd5 exd5 17. exd5 Ne6 18. dxe6 fxe6 19. d5 Rf8 20. Qg3 O-O-O 21. dxe6 Bxe6 22. Qxg6 Rf6 23. Qxh5 Qf8 24. Rxe6 Rxe6 25. Qg4 Qh6+ 26. Ng5 Kd7 27. Re1 Qxg5+ 28. Qxg5 Rxe1+ 29. Kd2 Rde8 30. Qg4+ Kc6 31. f4 Rf1 32. f5 b5 33. Qg5 Re5 34. b4 Rf2+ 35. Kd3 Rfxf5 36. Qg8 Rg5 37. Qa8+ Kb6 38. g4 Rd5+ 39. Kc3 Rge5 40. b3 Rd1 41. Qf3 Ree1 42. Qf2+ Kb7 43. Kb2 d5 44. c3 Rb1+ 45. Kc2 Red1 46. Qf4 Ra1 47. h4 Rf1 48. Qg5 Ra2+ 49. Kd3 Rd1+ 50. Ke3 Rad2 51. Qg6 Rb2 52. h5 Rxb3 53. Qc2 Rbb1 54. Kf4 Rbc1 55. Qe2 Re1 56. Qg2 Re4+ 57. Kf5 Rxc3 58. h6 Rce3 59. g5 Kc8 60. h7 Re2 61. Qxe2 1-0

[Event "44th Chess Olympiad Open 2022"]
[Site "Chennai"]
[Date "2022.08.07"]
[Round "9.76"]
[White "Alharthi, Ahmed Mohammed A"]
[Black "Guterres, Cosme"]
[Result "1-0"]
[WhiteElo "1935"]
[BlackElo "1692"]
[Annotator "NA RC"]
[PlyCount "101"]
[EventDate "2022.??.??"]
[TimeControl "60"]

1. d4 d5 2. Bf4 Nf6 3. e3 c6 4. Nf3 Bg4 5. Bd3 e6 6. O-O Be7 7. h3 Bh5 8. c4 a6 9. Qb3 Qc8 10. c5 O-O 11. Nc3 Nbd7 12. Nd2 Ne8 13.
e4 Bg6 14. Rfe1 Bd8 15. Qc2 b6 16. cxb6 Bxb6 17. Nf3 Qb7 18.
b4 Rc8 19. Qe2 Ra8 20. e5 Bd8 21. Bd2 Nb6 22. Rab1 Bxd3 23. Qxd3 Nc4 24. Na4 Qc8 25. Rec1 Rb8 26. Nc5 Nc7 27. Bf4 Nb5 28. a4 Nc7 29. Nd2 Nxd2 30. Bxd2 Be7 31. Rc2 Bxc5 32. Rxc5 Qd7 33. Rbc1 Ne8 34. Rxc6 f6 35. Qxa6 fxe5 36. dxe5 Qf7 37. Qe2 Qf5 38. b5 Rd8 39. b6 d4 40. a5 Rd5 41. f4 d3 42. Qg4 Qe4 43. Qxe6+ Kh8 44. Rc8 h6 45. Rxe8 Rxe8 46. Qxe8+ Kh7 47. Qh5 Rd4 48. Qf3 Qf5 49. b7 Rd8 50. a6 h5 51. a7 1-0

[Event "44th Chess Olympiad Open 2022"]
[Site "Chennai"]
[Date "2022.08.07"]
[Round "9.76"]
[White "de Araujo, Helder"]
[Black "Alzamil, Abdulaziz"]
[Result "1-0"]
[WhiteElo "1742"]
[BlackElo "1871"]
[Annotator "NA"]
[PlyCount "133"]
[EventDate "2022.??.??"]
[TimeControl "60"]

1. c4 c6 2. Nc3 Nf6 3. Nf3 d5 4. cxd5 Nxd5 5. g3 Nxc3 6.
bxc3 g6 7. Bg2 Bg7 8. O-O O-O 9. Qb3 Nd7 10. a4 a5 11. Ba3 Nf6 12. Rab1 Ne4 13. Qc2 Nd6 14. d3 Re8 15. Rfd1 Qc7 16. c4 c5 17. Nd2 Rb8 18. Bb2 e5 19. Ne4 Nf5 20. Qb3 b6 21. Bc3 Nd4 22. Bxd4 exd4 23. Rb2 Qe7 24. h4 h6 25. Re1 Bd7 26. Qa3 Be5 27. Reb1 Bc7 28.
Re1 f5 29. Nd2 f4 30. Bd5+ Kg7 31. Ne4 Rf8 32. Kg2 fxg3 33. fxg3 Qe5 34. Rbb1 Qf5 35. Rh1 Qg4 36. Rbf1 Qxe2+ 37. Nf2 Bg4 38. Qc1 Bf3+ 39. Kh3 Bxh1 40. Re1 Qxf2 41. Re7+ Rf7 42. Rxf7+ Qxf7 43.
Bxf7 Bc6 44. Bd5 Bxa4 45. Qf1 Rf8 46. Qe2 Re8 47. Qf3 Bd7+ 48.
Kg2 Re7 49. g4 g5 50. hxg5 hxg5 51. Be4 Re8 52. Bf5 Rf8 53. Qb7 Bxf5 54. Qxc7+ Rf7 55. Qe5+ Rf6 56. gxf5 Kf7 57. Qc7+ Kg8 58. Qd8+ Kg7 59. Qe7+ Rf7 60. Qxg5+ Kf8 61. f6 a4 62. Qh6+ Ke8 63. Qg6 Kf8 64. Qf5 Kg8 65. Qe6 a3 66. Qe8+ Rf8 67. Qg6+ 1-0

[Event "44th Chess Olympiad Open 2022"]
[Site "Chennai"]
[Date "2022.08.07"]
[Round "9.76"]
[White "dos Reis, Tito"]
[Black "Al Thebaiti Ahmed M"]
[Result "1-0"]
[WhiteElo "1658"]
[BlackElo "1966"]
[Annotator "NA"]
[PlyCount "133"]
[EventDate "2022.??.??"]
[TimeControl "60"]

1. f4 Nf6 2. Nf3 d5 3. d4 Bf5 4. e3 e6 5. Bd3 c5 6. c3 Nc6 7. O-O Bd6 8. Ne5 O-O 9. Bxf5 exf5 10. Nd2 g6 11. Nb3 c4 12. Nd2 Qc8 13.
h3 b5 14. b3 Ne7 15. b4 a5 16. bxa5 Rxa5 17. a3 Ne4 18. Qc2 f6 19. Nef3 Qa6 20. Nxe4 dxe4 21. Nd2 Bxa3 22. Bxa3 Rxa3 23. Qb2 Ra8 24. Rxa3 Qxa3 25. Qxb5 Qxc3 26. Qxc4+ Qxc4 27. Nxc4 Rc8 28.
Nb6 Rc3 29. Re1 Rb3 30. Nd7 Nd5 31. Kf2 Kf7 32. Re2 Nc3 33.
Rd2 Nd5 34. Re2 Ke7 35. Nc5 Ra3 36. Re1 Kd6 37. h4 h5 38. g3 Nc3 39. Nb7+ Kc6 40. Nc5 Ra2+ 41. Kf1 Kd5 42. Nd7 Ke6 43. Nc5+ Kd6 44. Nb7+ Kd5 45. Nc5 Rc2 46. Nd7 Ke6 47. Nc5+ Kd6 48. Nb7+ Kd5 49. Nc5 Kc4 50. Nd7 Kd3 51. Nxf6 Ne2 52. d5 Kxe3 53. d6 Kf3 54. Ra1 Nxg3+ 55. Ke1 e3 56. d7 Re2+ 57. Kd1 Rd2+ 58. Ke1 Rh2 59. Kd1 Rd2+ 60. Ke1 Rg2 61. Kd1 Rd2+ 62. Ke1 Rh2 63. Kd1 Nf1 64. d8=Q e2+ 65. Ke1 Ne3 66. Qa8+ Kg3 67. Ra3 1-0

[Event "44th Chess Olympiad Open 2022"]
[Site "Chennai"]
[Date "2022.08.07"]
[Round "9.77"]
[White "Nor, Mohamed Ahmed"]
[Black "Khalema, Sechaba"]
[Result "1/2-1/2"]
[WhiteElo "1907"]
[BlackElo "1790"]
[Annotator "NA RC"]
[PlyCount "110"]
[EventDate "2022.??.??"]
[TimeControl "60"]

1. e4 c6 2. d4 d5 3. exd5 cxd5 4. Nf3 Nc6 5. c3 Nf6 6. Bd3 Bg4 7. O-O e6 8. Re1 Be7 9. h3 Bh5 10. Nbd2 O-O 11. Qc2 Rc8 12. Ne5 Nxd4 13. Qa4 Nc6 14. Nxc6 Rxc6 15. Qxa7 Bc5 16. Qa4 Qd6 17. Nf1 e5 18. Qh4 e4 19. Bb5 Rb6 20. a4 Qe6 21. Bg5 Bg6 22. Rad1 Qf5 23.
Be3 Rc8 24. Bd4 Bxd4 25. Rxd4 Rd6 26. Qg3 Qe6 27. Nd2 Nh5 28. Qh2 Rdd8 29. g4 Nf6 30. Qg3 h6 31. f4 Qd6 32. Qe3 Bh7 33.
Kg2 Kf8 34. Re2 Qe6 35. Nf1 h5 36. g5 Ng8 37. Rf2 Ne7 38.
c4 Nf5 39. Qa3+ Kg8 40. cxd5 Rxd5 41. Rxd5 Qxd5 42. Ne3 Qe6 43. Nxf5 Bxf5 44. Qe3 Rd8 45. b3 Rd1 46. Rf1 Qd6 47. Rxd1 Qxd1 48. Be2 Qc2 49. Kg3 g6 50. Bc4 Qd1 51. Kf2 Qc2+ 52. Ke1 h4 53. Be2 Qc7 54. Bf1 Qc2 55. Be2 Qc7 1/2-1/2

[Event "44th Chess Olympiad Open 2022"]
[Site "Chennai"]
[Date "2022.08.07"]
[Round "9.77"]
[White "Islam Sh.Nour, Kassim"]
[Black "Ntsonyana, Bahlakoana"]
[Result "1-0"]
[WhiteElo "1873"]
[BlackElo "1454"]
[Annotator "NA"]
[PlyCount "115"]
[EventDate "2022.??.??"]
[TimeControl "60"]

1. b3 d5 2. Bb2 c5 3. e3 a6 4. Nf3 Bg4 5. Be2 e6 6. Ne5 Bxe2 7. Qxe2 Nc6 8.
Nxc6 bxc6 9. O-O Nf6 10. d3 Be7 11. Nd2 O-O 12. Nf3 Nd7 13.
e4 Bf6 14. e5 Be7 15. Nd2 a5 16. a4 Nb6 17. f4 g6 18. Rf3 d4 19. Rh3 Nd5 20. Qf2 f6 21. Rf3 fxe5 22. fxe5 Qc7 23. Nc4 Nb6 24. Nxb6 Qxb6 25. Rf1 Qc7 26. Qg3 Rxf3 27. Rxf3 Rf8 28. Bc1 Rxf3 29. gxf3 Bd8 30. Bh6 Qf7 31. f4 Be7 32. Qf3 Qe8 33. Qe4 Qd7 34. Qe1 Bd8 35. f5 gxf5 36. Qg3+ Kh8 37. Bf8 Bb6 38. Qg5 Qf7 39. Qf6+ Qxf6 40. exf6 Kg8 41. Be7 Kf7 42. Kg2 Bc7 43. Bxc5 e5 44. Be7 Ke6 45. Kf3 Bb6 46. Kg3 Bc7 47. Kf3 c5 48. Bxc5 Kxf6 49. b4 Ke6 50. b5 Kd5 51. Ba7 e4+ 52. Kg2 Bd6 53. h3 Bc5 54. Bxc5 Kxc5 55. dxe4 fxe4 56. Kg3 d3 57. cxd3 exd3 58. Kf2 1-0

[Event "44th Chess Olympiad Open 2022"]
[Site "Chennai"]
[Date "2022.08.07"]
[Round "9.77"]
[White "Klaas Tokelo"]
[Black "Abdirahman Omar Sheikh"]
[Result "1/2-1/2"]
[WhiteElo "1812"]
[BlackElo "2051"]
[Annotator "NA COMBH"]
[PlyCount "73"]
[EventDate "2022.??.??"]
[TimeControl "60"]

1. Nf3 d5 2. d4 Nf6 3. g3 e6 4. Bg2 c5 5. c3 Nc6 6. O-O cxd4 7. cxd4 Bd6 8. Nc3 O-O 9. Bg5 Be7 10. Bxf6 Bxf6 11. e3 b6 12. Qd2 Ba6 13. Rfc1 Rc8 14. Ne2 Qd7 15. Rc2 Na5 16. b3 Rxc2 17. Qxc2 Rc8 18. Qd2 g6 19. Rc1 Rxc1+ 20. Nxc1 Qc7 21. Nd3 Bxd3 22. Qxd3 Qc1+ 23. Bf1 g5 24. h3 Qb2 25. Qa6 Qc3 26. Qxa7 Qb4 27. Qc7 Be7 28. Bd3 h6 29. Qb8+ Kg7 30. Ne5 Bd6 31. Qd8 Nb7 32. Qd7 Bxe5 33. Qxb7 Bf6 34. Kg2 h5 35. Qc6 h4 36. gxh4 gxh4 37. Qc2 1/2-1/2

[Event "44th Chess Olympiad Open 2022"]
[Site "Chennai"]
[Date "2022.08.07"]
[Round "9.77"]
[White "Bokang, Motsamai"]
[Black "Abdulkadir Mohamed Warsame"]
[Result "0-1"]
[WhiteElo "1433"]
[BlackElo "1820"]
[Annotator "NA"]
[PlyCount "102"]
[EventDate "2022.??.??"]
[TimeControl "60"]

1. d4 Nf6 2. c4 g6 3. Nc3 d5 4. Nf3 Bg7 5. e3 O-O 6. Be2 c5 7. b3 cxd4 8.
exd4 Nc6 9. Bb2 Qa5 10. O-O dxc4 11. bxc4 Rd8 12. d5 e6 13. Qb3 exd5 14. Nxd5 Nxd5 15. Bxg7 Kxg7 16. cxd5 Rxd5 17. Bc4 Rf5 18. Rad1 Qb4 19. Nd4 Rf6 20. Nb5 Qxb3 21. axb3 Rb8 22. Bd5 a6 23. Nc7 Bf5 24. Rc1 Nb4 25. Bxb7 Rd6 26. Rfe1 Nd3 27. Rcd1 Nxe1 28. Rxd6 Rxb7 29. Ne8+ Kf8 30. Nf6 Rxb3 31.
Rxa6 Rb1 32. g4 Be6 33. f4 Nd3+ 34. Kg2 Nxf4+ 35. Kg3 Nd5 36. Nxh7+ Kg7 37. Ng5 Kf6 38. h4 Rg1+ 39. Kf3 Ke5 40. Ra4 Nc3 41.
Ra3 Bd5+ 42. Kf2 Rg2+ 43. Kf1 Nb1 44. Ra5 Nd2+ 45. Ke1 Kd4 46.
Ra3 Bb3 47. Ra7 Ke3 48. Re7+ Be6 49. Kd1 Kd3 50. Ke1 Re2+ 51. Kd1 Bb3+ 0-1

[Event "44th Chess Olympiad Open 2022"]
[Site "Chennai"]
[Date "2022.08.07"]
[Round "9.78"]
[White "Mohamed Ali Dima"]
[Black "Adu-Poku, Kwabena"]
[Result "0-1"]
[WhiteElo "1582"]
[BlackElo "1974"]
[Annotator "NA RC"]
[PlyCount "83"]
[EventDate "2022.??.??"]
[TimeControl "60"]

1. d4 d5 2. c4 c6 3. Nc3 Nf6 4. Nf3 a6 5. e3 Bf5 6. Be2 h6 7. O-O e6 8. a4 Bb4 9. Na2 Be7 10. Bd2 a5 11. b4 axb4 12. Nxb4 Ne4 13. Be1 dxc4 14. Bxc4 O-O 15. Ne5 c5 16. Nc2 Nc6 17. Nxc6 bxc6 18. f3 Nd6 19. Be2 Bxc2 20. Qxc2 cxd4 21. exd4 Nf5 22. Qxc6 Bf6 23. Rd1 Ne3 24. Bf2 Nxd1 25. Rxd1 Qa5 26. Bb5 Rac8 27. Qe4 Rfd8 28. h4 Rd5 29. Bd3 g6 30. Bc2 Qc3 31. Rc1 Qd2 32. Qe3 Rxc2 33. Rxc2 Qxc2 34. Qxh6 Bxd4 35. Bxd4 Rxd4 36. Qg5 Rd1+ 37. Kh2 Qb1 38. Qc5 Rh1+ 39. Kg3 Qe1+ 40. Qf2 Qxf2+ 41. Kxf2 Rxh4 42. g4 0-1

[Event "44th Chess Olympiad Open 2022"]
[Site "Chennai"]
[Date "2022.08.07"]
[Round "9.78"]
[White "Ismael, Mohamed Goumaneh"]
[Black "Fomevor, Cephas Clinton"]
[Result "0-1"]
[WhiteElo "1473"]
[BlackElo "1830"]
[Annotator "NA RC"]
[PlyCount "86"]
[EventDate "2022.??.??"]
[TimeControl "60"]

1. d4 d5 2. c4 e6 3. Nc3 Nf6 4. Nf3 Be7 5. Bf4 b6 6. e3 Bb7 7. Rc1 O-O 8. cxd5 Nxd5 9. Nxd5 Qxd5 10. Rxc7 Bb4+ 11. Nd2 Na6 12. Bxa6 Bxa6 13. f3 Qxa2 14. d5 Qxd5 15. e4 Qd4 16. Qb3 Rfd8 17. Rc2 Bd3 18. Rc3 Bxc3 19. bxc3 Qc5 20. Qb4 Qc6 21. Kf2 a5 22. Qb2 a4 23. Ra1 a3 24. Qb3 b5 25. Be3 Bc4 26. Nxc4 Qxc4 27. Qxc4 bxc4 28. Ra2 Rdb8 29. Bc1 Rb3 30. Ke2 Rxc3 31. Kd2 Rb3 32. Kc2 Kf8 33. Bd2 Ke8 34. Bc3 g6 35. g4 Rd8 36. f4 Rd3 37. Bf6 Rf3 38.
Kd1 Rf1+ 39. Ke2 Rh1 40. Rd2 Rxh2+ 41. Kd1 Rxd2+ 42. Kxd2 a2 43. f5 c3+ 0-1

[Event "44th Chess Olympiad Open 2022"]
[Site "Chennai"]
[Date "2022.08.07"]
[Round "9.79"]
[White "Coulibaly, Abdoulaye"]
[Black "Nxumalo, Vuyo"]
[Result "0-1"]
[WhiteElo "1936"]
[BlackElo "1493"]
[Annotator "NA"]
[PlyCount "142"]
[EventDate "2022.??.??"]
[TimeControl "60"]

1. e4 e5 2. Bc4 Be7 3. Qh5 g6 4. Qxe5 Nf6 5. d3 O-O 6. Nc3 Nc6 7. Qg3 Nd4 8. Bb3 Re8 9. Nge2 Nh5 10. Qe3 Ne6 11. O-O d6 12. Nd5 Bg5 13. f4 Bh6 14. Qf2 c6 15. f5 Bxc1 16. fxe6 Bxe6 17. Raxc1 cxd5 18. exd5 Bf5 19. Nd4 Ng7 20. Rce1 Qg5 21. h4 Qg4 22. Rxe8+ Rxe8 23. Qf4 Qxf4 24. Rxf4 Nh5 25. Rf2 Bd7 26. Kh2 Kg7 27. Bc4 a6 28. b4 Re5 29. Nf3 Re3 30. Ng5 Nf6 31. Rf3 Re2 32. Bb3 h6 33. Nh3 Ng4+ 34. Kg3 Ne3 35. Nf4 Nf5+ 36. Kh2 Re5 37. g3 Nd4 38. Rf2 Bg4 39. c3 Nf5 40. Bc2 Re3 41. Rg2 Bf3 42. Rf2 Bg4 43. Rg2 g5 44. hxg5 hxg5 45. Nh3 f6 46. a4 Re8 47. Nf2 Bf3 48. g4 Bxg2 49. gxf5 Bxd5 50. Bd1 Re1 51. c4 Bc6 52. b5 Bd7 53. Bf3 axb5 54. axb5 b6 55. Be4 Be8 56. Bc6 Kf7 57. Ne4 Ke7 58. Bxe8 Kxe8 59. Nxf6+ Kf7 60. Ne4 g4 61. Nxd6+ Kf6 62. c5 bxc5 63. b6 Rb1 64. b7 Ke5 65. Ne4 Rxb7 66. Nxc5 Rb4 67. Kg3 Kxf5 68. Ne4 Rd4 69. Nf2 Rf4 70. Kg2 Rf3 71. d4 Rf4 0-1

[Event "44th Chess Olympiad Open 2022"]
[Site "Chennai"]
[Date "2022.08.07"]
[Round "9.79"]
[White "Mbongeni, Mabuza"]
[Black "Traore, Bakary"]
[Result "0-1"]
[WhiteElo "1669"]
[BlackElo "2181"]
[Annotator "RC"]
[PlyCount "116"]
[EventDate "2022.??.??"]
[TimeControl "60"]

1. d4 Nf6 2. g3 g6 3. Bg2 Bg7 4. Nc3 c5 5. d5 d6 6. e4 a6 7. a4 O-O 8. Nge2 Nbd7 9. O-O Rb8 10. a5 b5 11. axb6 Nxb6 12. b3 c4 13. Nd4 Qc7 14. b4 Bb7 15.
f4 Rbe8 16. Ra3 e5 17. fxe5 Rxe5 18. Bf4 Ree8 19. Qd2 Nbd7 20. Kh1 Ne5 21. b5 Qc5 22. Raa1 Ra8 23. Be3 Qc7 24. Nc6 axb5 25. Nxb5 Qd7 26. Nbd4 Rxa1 27. Rxa1 Nxc6 28. dxc6 Bxc6 29. Nxc6 Qxc6 30.
e5 Ne4 31. Re1 d5 32. Bxe4 dxe4 33. Bd4 Rd8 34. Qe3 Qd5 35. c3 Bxe5 36. Qxe4 Bxd4 37. Qxd5 Rxd5 38. Rd1 Kg7 39. Kg2 Kf6 40. cxd4 Ke6 41. Kf3 Ra5 42. Re1+ Kd6 43. Re3 Rf5+ 44. Ke4 Rb5 45. g4 Rb7 46. Rh3 Re7+ 47. Kf4 Kd5 48. Rxh7 Kxd4 49. Rh8 c3 50. Rd8+ Kc4 51. Rc8+ Kd3 52. Rd8+ Ke2 53. Rc8 Kd2 54. Rd8+ Kc1 55. Rc8 c2 56. Kf3 Re1 57. h4 Kb2 58. Rb8+ Ka3 0-1

[Event "44th Chess Olympiad Open 2022"]
[Site "Chennai"]
[Date "2022.08.07"]
[Round "9.79"]
[White "Diarra, Sirike"]
[Black "Sihlongonyane, Sikhanyiso"]
[Result "0-1"]
[WhiteElo "1641"]
[BlackElo "1658"]
[Annotator "NA RC"]
[PlyCount "76"]
[EventDate "2022.??.??"]
[TimeControl "60"]

1. e4 c5 2. f4 Nc6 3. Nf3 d6 4. Bc4 e6 5. O-O Nf6 6. Nc3 Be7 7. d3 O-O 8. a3 a6 9. h3 d5 10. Ba2 dxe4 11. dxe4 Qxd1 12. Rxd1 b5 13. e5 Nd7 14. Ne4 Rd8 15.
Be3 c4 16. c3 Bb7 17. Nd6 Na5 18. Nh2 Bd5 19. Nf5 Bf8 20. Ng3 Nc5 21. Bxc5 Bxc5+ 22. Kf1 Kf8 23. Ng4 Nb3 24. Rab1 a5 25. Bxb3 cxb3 26. Ne2 b4 27. cxb4 axb4 28. axb4 Bxb4 29. Ra1 Ra2 30. Ne3 Rxb2 31. Nxd5 Rxd5 32. Ra8+ Ke7 33. Ra7+ Ke8 34. Ra8+ Kd7 35. Ra7+ Kc6 36. Rda1 Rdd2 37. Rc1+ Rbc2 38. Raa1 Rxe2 0-1

[Event "44th Chess Olympiad Open 2022"]
[Site "Chennai"]
[Date "2022.08.07"]
[Round "9.79"]
[White "Dlamini Simphiwe"]
[Black "Ndiaye, Amadou"]
[Result "1-0"]
[WhiteElo "1569"]
[BlackElo "1968"]
[Annotator "NA RC"]
[PlyCount "101"]
[EventDate "2022.??.??"]
[TimeControl "60"]

1. e4 c5 2. Nf3 g6 3. d4 cxd4 4. Nxd4 Bg7 5. Be3 Nc6 6. Nc3 a6 7. Qd2 d6 8. Bc4 Ne5 9. Be2 Bd7 10. h3 b5 11. b3 Rc8 12. Rc1 e6 13. O-O Qc7 14. Ncxb5 axb5 15. f4 Nf6 16. fxe5 Nxe4 17. Nxb5 Nxd2 18. Nxc7+ Rxc7 19. Bxd2 Bxe5 20. Bf4 Bd4+ 21. Kh2 e5 22. Bd2 Bb2 23. Ba5 Rc8 24. Rcd1 Ke7 25. Bb4 Rc6 26. a4 Bd4 27. Bb5 Rb6 28. Rfe1 Be6 29. c3 Bf2 30. Rxe5 Rhb8 31. Re2 Bh4 32. c4 Kf8 33. Bxd6+ Rxd6 34. Rxd6 Be7 35. Rdxe6 fxe6 36. Rxe6 Kf7 37. Re2 Bb4 38. g3 Rb7 39. Bc6 Rb6 40. Bd5+ Kf6 41. Rc2 Bc5 42. Rc3 Bb4 43. Rd3 Ke5 44. Kg2 Rd6 45. Kf3 Rf6+ 46. Ke2 Bc5 47. Bf3 Rd6 48. a5 Rxd3 49. Kxd3 Bb4 50. a6 Kd6 51. Ke4 1-0

[Event "44th Chess Olympiad Open 2022"]
[Site "Chennai"]
[Date "2022.08.07"]
[Round "9.80"]
[White "Winston Gerald, Mansfield Thomas"]
[Black "Goorsahye, Antoine"]
[Result "1-0"]
[WhiteElo "1832"]
[BlackElo "1783"]
[Annotator "NA"]
[PlyCount "109"]
[EventDate "2022.??.??"]
[TimeControl "60"]

1. d4 d5 2. c4 e5 3. dxe5 d4 4. Nf3 Nc6 5. a3 Nge7 6. e3 Bg4 7. Be2 dxe3 8. Qxd8+ Rxd8 9. Bxe3 Ng6 10. Nbd2 Be7 11. h3 Bf5 12. O-O O-O 13. Rfd1 Ngxe5 14. Nxe5 Nxe5 15. Nf3 Bf6 16. Nd4 Be4 17. f3 Bg6 18. c5 c6 19. b4 Rfe8 20. Bf2 Nd7 21. Kf1 Re7 22. g4 Rde8 23.
Ra2 Be5 24. Bd3 Nf6 25. Bxg6 hxg6 26. Bh4 Rd7 27. Bxf6 Bxf6 28. Rad2 Red8 29. Nb3 Rxd2 30. Rxd2 Rxd2 31.
Nxd2 Bb2 32. Nc4 Bf6 33. Ke2 Kf8 34. Kd3 Ke7 35. Na5 Ke6 36.
Nxb7 Kd5 37. Nd6 Bb2 38. Nxf7 Bxa3 39. Kc3 Bc1 40. h4 Bf4 41. Nh8 Be5+ 42. Kd3 g5 43. hxg5 Ke6 44. Ng6 Bb2 45. Nf4+ Ke5 46. Ne2 Kd5 47. f4 Ba3 48. Nc3+ Ke6 49. Kc4 Bc1 50. Ne2 Bb2 51. f5+ Ke5 52. b5 cxb5+ 53. Kxb5 Ke4 54. c6 Be5 55. f6 1-0

[Event "44th Chess Olympiad Open 2022"]
[Site "Chennai"]
[Date "2022.08.07"]
[Round "9.80"]
[White "Naipal, Hoolan"]
[Black "Kamara, Ansumana"]
[Result "1/2-1/2"]
[WhiteElo "1785"]
[BlackElo "1896"]
[Annotator "NA"]
[PlyCount "109"]
[EventDate "2022.??.??"]
[TimeControl "60"]

1. e4 e5 2. Nf3 Nc6 3. Bb5 a6 4. Ba4 Nf6 5. O-O b5 6. Bb3 Be7 7. Re1 d6 8. c3 Bg4 9. h3 Bh5 10. d3 O-O 11. a4 Na5 12. Bc2 c5 13.
Nbd2 Nc6 14. axb5 axb5 15. Rxa8 Qxa8 16. Nf1 Qb7 17. Ng3 Bg6 18. Nh4 h6 19. Nhf5 Re8 20. Qf3 b4 21. Nxe7+ Qxe7 22. Nf5 Qe6 23. g4 b3 24. Bd1 Nh7 25. h4 f6 26. Ne3 Rb8 27. Nc4 Bf7 28.
Qg3 Qe7 29. Ne3 Be6 30. Nf5 Bxf5 31. gxf5 Kh8 32. Kh2 Qf7 33. Rg1 Rg8 34. Be3 Nf8 35. d4 cxd4 36. cxd4 exd4 37. Bf4 Na5 38. Bxd6 Nd7 39. Bb4 Nc4 40. Bxb3 Rc8 41. Rc1 Nde5 42. f4 Rb8 43. fxe5 Rxb4 44. e6 Qb7 45. Rxc4 Rxb3 46. Rc8+ Qxc8 47. Qxb3 Qc7+ 48. Kh3 Qc1 49. e7 Qh1+ 50. Kg3 Qe1+ 51. Kf3 Qh1+ 52. Kg3 Qe1+ 53. Kf3 Qh1+ 54. Kg3 Qe1+ 55. Kf3 1/2-1/2